MWL (24 & UNDER)
GRIM REAPERS @ LEE'S SUMMIT TIGERS
07/01/2030
 
TOP OF THE 1ST
Grim Reapers batting - Pitching for Lee's Summit Tigers : RHP Mike Sherman
Pitching: RHP Mike Sherman
Batting: RHB Luis Samaripa 0-0: Called Strike
0-1: Called Strike
0-2: Strikes out swinging
Batting: RHB Fred Wagner 0-0: Swinging Strike
0-1: Hit by Pitch
Batting: RHB Ramón Sánchez 0-0: Ball
1-0: Fly out, F9 (Flyball, 9)
Batting: RHB Roberto Villela 0-0: Ball
1-0: Foul Ball, location: 2F
1-1: Ball
2-1: Ball
3-1: Called Strike
3-2: Foul Ball, location: 2F
3-2: Foul Ball, location: 2F
3-2: Foul Ball, location: 2F
3-2: Foul Ball, location: 2F
3-2: Strikes out swinging
Top of the 1st over - 0 runs, 0 hits, 0 errors, 1 left on base; Grim 0 - Lee's Summit 0
BOTTOM OF THE 1ST
Lee's Summit Tigers batting - Pitching for Grim Reapers : RHP William Stephens
Pitching: RHP William Stephens
Batting: LHB José Guerrero 0-0: Ball
1-0: Ball
2-0: Fly out, F8 (Line Drive, 8RD)
Batting: RHB Tommy Smith 0-0: Ball
1-0: Ground out 6-3 (Groundball, 6)
Batting: RHB José Deleón 0-0: Ball
1-0: Ball
2-0: Fly out, F7 (Flyball, 7S)
Bottom of the 1st over - 0 runs, 0 hits, 0 errors, 0 left on base; Grim 0 - Lee's Summit 0
TOP OF THE 2ND
Grim Reapers batting - Pitching for Lee's Summit Tigers : RHP Mike Sherman
Batting: SHB Luis Sotelo 0-0: Ball
1-0: Fly out, F7 (Flyball, 7S)
Batting: RHB Phil Martin 0-0: Ball
1-0: Foul Ball, location: 2F
1-1: Ground out 5-3 (Groundball, 56)
Batting: RHB Arturo Franco 0-0: Called Strike
0-1: Ball
1-1: SINGLE (Groundball, 56D)
Batting: SHB Frank Grant 0-0: Called Strike
Arturo Franco steals 2nd base
0-1: Swinging Strike
0-2: Ball
1-2: Ball
2-2: SINGLE (Groundball, 34D)
Arturo Franco to third
Runner from 3rd tries for Home, SAFE, no throw
Batting: RHB Jesús Pérez 0-0: DOUBLE (Flyball, 78D)
Frank Grant to third
Runner from 3rd tries for Home, SAFE, no throw
Batting: RHB Luis Samaripa 0-0: Ground out 5-3 (Groundball, 56)
Top of the 2nd over - 2 runs, 3 hits, 0 errors, 1 left on base; Grim 2 - Lee's Summit 0
BOTTOM OF THE 2ND
Lee's Summit Tigers batting - Pitching for Grim Reapers : RHP William Stephens
Batting: LHB Travis Jefferson 0-0: Ball
1-0: Fly out, F8 (Flyball, 78M)
Batting: RHB Juan Rodríguez 0-0: Swinging Strike
0-1: Swinging Strike
0-2: Ball
1-2: Strikes out swinging
Batting: RHB Stephen Segura 0-0: Ground out 4-3 (Groundball, 4)
Bottom of the 2nd over - 0 runs, 0 hits, 0 errors, 0 left on base; Grim 2 - Lee's Summit 0
TOP OF THE 3RD
Grim Reapers batting - Pitching for Lee's Summit Tigers : RHP Mike Sherman
Batting: RHB Fred Wagner 0-0: Called Strike
0-1: Called Strike
0-2: Fly out, F8 (Flyball, 8RS)
Batting: RHB Ramón Sánchez 0-0: Swinging Strike
0-1: Ball
1-1: Ball
2-1: Foul Ball, location: 2F
2-2: Foul Ball, location: 2F
2-2: Strikes out swinging
Batting: RHB Roberto Villela 0-0: Ball
1-0: Swinging Strike
1-1: Ball
2-1: Foul Ball, location: 2F
2-2: Ball
3-2: Base on Balls
Batting: SHB Luis Sotelo 0-0: Ball
1-0: Ball
2-0: Called Strike
2-1: Foul Ball, location: 2F
2-2: Ball
3-2: Fly out, F8 (Flyball, 8LS)
Top of the 3rd over - 0 runs, 0 hits, 0 errors, 1 left on base; Grim 2 - Lee's Summit 0
BOTTOM OF THE 3RD
Lee's Summit Tigers batting - Pitching for Grim Reapers : RHP William Stephens
Batting: LHB Chris Gibson 0-0: Bunt for hit - play at first, batter OUT! 2-3
Batting: LHB António Bonaccorsi 0-0: Ball
1-0: Foul Ball, location: 2F
1-1: Ball
2-1: Foul Ball, location: 2F
2-2: Strikes out looking
Batting: SHB Tony Morrison 0-0: Swinging Strike
0-1: Ball
1-1: Ball
2-1: Foul Ball, location: 2F
2-2: Fly out, F7 (Flyball, 7S)
Bottom of the 3rd over - 0 runs, 0 hits, 0 errors, 0 left on base; Grim 2 - Lee's Summit 0
TOP OF THE 4TH
Grim Reapers batting - Pitching for Lee's Summit Tigers : RHP Mike Sherman
Batting: RHB Phil Martin 0-0: Swinging Strike
0-1: Ball
1-1: Fly out, F8 (Flyball, 8RM)
Batting: RHB Arturo Franco 0-0: Hit by Pitch
Batting: SHB Frank Grant 0-0: Ball
1-0: Ball
2-0: SINGLE (Groundball, 4D)
Arturo Franco to second
Runner from 2nd tries for 3rd, SAFE, no throw
Batting: RHB Jesús Pérez 0-0: Ball
1-0: Called Strike
1-1: Foul Ball, location: 2F
1-2: Foul Ball, location: 2F
1-2: Foul Ball, location: 2F
1-2: Hit by Pitch
Frank Grant to second
Batting: RHB Luis Samaripa 0-0: Foul Ball, location: 2F
0-1: Ball
1-1: Ball
2-1: Foul Ball, location: 2F
2-2: Ball
3-2: Fly out, F9 (Flyball, 9LSF)
Runner from 3rd tags up, SCORES, no throw
Batting: RHB Fred Wagner 0-0: Ball
1-0: Ball
2-0: Ball
3-0: Foul Ball, location: 2F
3-1: Foul Ball, location: 2F
3-2: Base on Balls
Frank Grant to third
Jesús Pérez to second
Pitching: RHP Ji-e Tsu
Batting: RHB Ramón Sánchez 0-0: Ground out 4-3 (Groundball, 4)
Top of the 4th over - 1 run, 1 hit, 0 errors, 3 left on base; Grim 3 - Lee's Summit 0
BOTTOM OF THE 4TH
Lee's Summit Tigers batting - Pitching for Grim Reapers : RHP William Stephens
Batting: LHB José Guerrero 0-0: Foul Ball, location: 2F
0-1: Ball
1-1: SINGLE (Groundball, 6D)
Batting: RHB Tommy Smith 0-0: Ball
1-0: Ball
2-0: Ball
3-0: Called Strike
3-1: Called Strike
3-2: Strikes out swinging
José Guerrero is caught stealing 2nd base
Batter strikes out.
Batting: RHB José Deleón 0-0: Called Strike
0-1: Ground out U3 (Groundball, 34S)
Bottom of the 4th over - 0 runs, 1 hit, 0 errors, 0 left on base; Grim 3 - Lee's Summit 0
TOP OF THE 5TH
Grim Reapers batting - Pitching for Lee's Summit Tigers : RHP Ji-e Tsu
Batting: RHB Roberto Villela 0-0: Called Strike
0-1: Swinging Strike
0-2: Ball
1-2: Strikes out swinging
Batting: SHB Luis Sotelo 0-0: Ball
1-0: Ball
2-0: Called Strike
2-1: Foul Ball, location: 2F
2-2: Foul Ball, location: 2F
2-2: Ground out 4-3 (Groundball, 34D)
Batting: RHB Phil Martin 0-0: Called Strike
0-1: Ball
1-1: Ball
2-1: Ball
3-1: Base on Balls
Batting: RHB Arturo Franco 0-0: Called Strike
0-1: Ball
1-1: Called Strike
1-2: Strikes out looking
Top of the 5th over - 0 runs, 0 hits, 0 errors, 1 left on base; Grim 3 - Lee's Summit 0
BOTTOM OF THE 5TH
Lee's Summit Tigers batting - Pitching for Grim Reapers : RHP William Stephens
Batting: LHB Travis Jefferson 0-0: Fly out, F7 (Flyball, 7D)
Batting: RHB Juan Rodríguez 0-0: Foul Ball, location: 2F
0-1: Foul Ball, location: 2F
0-2: Hit by Pitch
Batting: RHB Stephen Segura 0-0: Called Strike
0-1: Ball
1-1: Called Strike
1-2: Strikes out swinging
Batting: LHB Chris Gibson 0-0: Foul Ball, location: 2F
0-1: Ball
1-1: Ball
2-1: SINGLE (Line Drive, 56)
Juan Rodríguez to second
Batting: LHB António Bonaccorsi 0-0: Called Strike
0-1: Swinging Strike
0-2: Foul Ball, location: 2F
0-2: Ball
1-2: Fly out, F8 (Flyball, 8LS)
Bottom of the 5th over - 0 runs, 1 hit, 0 errors, 2 left on base; Grim 3 - Lee's Summit 0
TOP OF THE 6TH
Grim Reapers batting - Pitching for Lee's Summit Tigers : RHP Ji-e Tsu
Batting: SHB Frank Grant 0-0: Ball
1-0: Called Strike
1-1: Ball
2-1: Ball
3-1: Base on Balls
Batting: RHB Jesús Pérez 0-0: Swinging Strike
0-1: Ball
1-1: Ball
2-1: Ball
3-1: Base on Balls
Frank Grant to second
Batting: RHB Luis Samaripa 0-0: Ball
1-0: Ball
2-0: Ball
3-0: Called Strike
3-1: Fly out, F9 (Flyball, 9LM)
Batting: RHB Fred Wagner 0-0: Foul Ball, location: 2F
0-1: Ball
1-1: Ball
2-1: Swinging Strike
2-2: Ball
3-2: Base on Balls
Frank Grant to third
Jesús Pérez to second
Batting: RHB Ramón Sánchez 0-0: Called Strike
0-1: Swinging Strike
0-2: Strikes out swinging
Pitching: RHP Dave Anderson
Batting: RHB Roberto Villela 0-0: SINGLE (Popup, 56D)
Frank Grant scores
Jesús Pérez to third
Fred Wagner to second
Runner from 3rd tries for Home, SAFE, no throw
Batting: SHB Luis Sotelo 0-0: Ball
1-0: Foul Ball, location: 2F
1-1: SINGLE (Line Drive, 89S)
Fred Wagner to third
Roberto Villela to second
Batting: RHB Phil Martin 0-0: SINGLE (Line Drive, 8RS)
Fred Wagner scores
Roberto Villela to third
Luis Sotelo to second
Runner from 3rd tries for Home, SAFE, no throw
Batting: RHB Arturo Franco 0-0: Ball
1-0: Called Strike
1-1: Ground out 3-1 (Groundball, 34)
Top of the 6th over - 4 runs, 3 hits, 0 errors, 2 left on base; Grim 7 - Lee's Summit 0
BOTTOM OF THE 6TH
Lee's Summit Tigers batting - Pitching for Grim Reapers : RHP William Stephens
Batting: SHB Tony Morrison 0-0: Ball
1-0: Called Strike
1-1: SINGLE (Flyball, 7)
Batting: LHB José Guerrero 0-0: Ball
1-0: Called Strike
1-1: Fly out, F4 (Popup, 34D)
Batting: RHB Tommy Smith 0-0: Called Strike
0-1: Called Strike
0-2: Ball
1-2: Ball
2-2: DOUBLE (Groundball, 5L)
Tony Morrison to third
Runner from 3rd tries for Home, SAFE, no throw
Batting: RHB José Deleón 0-0: Fly out, F7 (Flyball, 7S)
Batting: LHB Travis Jefferson 0-0: Ball
1-0: Ball
2-0: Called Strike
2-1: Swinging Strike
2-2: Ground out 6-3 (Groundball, 56)
Bottom of the 6th over - 1 run, 2 hits, 0 errors, 1 left on base; Grim 7 - Lee's Summit 1
TOP OF THE 7TH
Grim Reapers batting - Pitching for Lee's Summit Tigers : RHP Dave Anderson
Batting: SHB Frank Grant 0-0: Ball
1-0: Called Strike
1-1: Fly out, F7 (Flyball, 78D)
Batting: RHB Jesús Pérez 0-0: Called Strike
0-1: Foul Ball, location: 2F
0-2: Ball
1-2: Ball
2-2: Foul Ball, location: 2F
2-2: Foul Ball, location: 2F
2-2: Strikes out looking
Batting: RHB Luis Samaripa 0-0: Called Strike
0-1: Foul Ball, location: 2F
0-2: Foul Ball, location: 2F
0-2: Ball
1-2: Foul Ball, location: 2F
1-2: Ball
2-2: Fly out, F7 (Line Drive, 7D)
Top of the 7th over - 0 runs, 0 hits, 0 errors, 0 left on base; Grim 7 - Lee's Summit 1
BOTTOM OF THE 7TH
Lee's Summit Tigers batting - Pitching for Grim Reapers : RHP William Stephens
Batting: RHB Juan Rodríguez 0-0: SINGLE (Line Drive, 7S)
Batting: RHB Stephen Segura 0-0: Ball
1-0: Foul Ball, location: 2F
1-1: Called Strike
1-2: Strikes out swinging
Batting: LHB Chris Gibson 0-0: Ball
1-0: Ball
2-0: Foul Ball, location: 2F
2-1: Called Strike
2-2: Foul Ball, location: 2F
2-2: Ball
3-2: Foul Ball, location: 2F
3-2: Foul Ball, location: 2F
3-2: Foul Ball, location: 2F
3-2: SINGLE (Flyball, 7S)
Juan Rodríguez to second
Batting: LHB António Bonaccorsi 0-0: Ball
1-0: Foul Ball, location: 2F
1-1: Ball
2-1: Foul Ball, location: 2F
2-2: Ball
3-2: Foul Ball, location: 2F
3-2: Foul Ball, location: 2F
3-2: Base on Balls
Juan Rodríguez to third
Chris Gibson to second
Batting: SHB Tony Morrison 0-0: Fly out, F6 (Popup, 56D)
Batting: LHB José Guerrero 0-0: Called Strike
0-1: Foul Ball, location: 2F
0-2: Ball
1-2: Ball
2-2: Fly out, F8 (Flyball, 8LD)
Bottom of the 7th over - 0 runs, 2 hits, 0 errors, 3 left on base; Grim 7 - Lee's Summit 1
TOP OF THE 8TH
Grim Reapers batting - Pitching for Lee's Summit Tigers : RHP Dave Anderson
Batting: RHB Fred Wagner 0-0: Called Strike
0-1: Foul Ball, location: 2F
0-2: Foul Ball, location: 2F
0-2: Ball
1-2: DOUBLE (Line Drive, 78XD)
Pinch Runner at 2nd Sandro Hernández:
Batting: RHB Ramón Sánchez 0-0: Ball
1-0: Fly out, F3 (Popup, 34S)
Batting: RHB Roberto Villela 0-0: Foul Ball, location: 2F
0-1: Ball
1-1: Ground out 3-1 (Groundball, 34)
Sandro Hernández to third
Batting: SHB Luis Sotelo 0-0: Called Strike
0-1: Ball
1-1: SINGLE (Groundball, 4D)
Sandro Hernández scores
Batting: RHB Phil Martin 0-0: Ball
Luis Sotelo steals 2nd base
1-0: Foul Ball, location: 2F
1-1: Ground out 6-3 (Groundball, 6S)
Top of the 8th over - 1 run, 2 hits, 0 errors, 1 left on base; Grim 8 - Lee's Summit 1
BOTTOM OF THE 8TH
Lee's Summit Tigers batting - Pitching for Grim Reapers : RHP William Stephens
Now at C: Sandro Hernández
Now at 1B: Marcos Fontanez
Batting: RHB Tommy Smith 0-0: Swinging Strike
0-1: Swinging Strike
0-2: Foul Ball, location: 2F
0-2: Foul Ball, location: 2F
0-2: Strikes out swinging
Batting: RHB José Deleón 0-0: Called Strike
0-1: Ball
1-1: Called Strike
1-2: Ball
2-2: Ball
3-2: Strikes out swinging
Batting: LHB Travis Jefferson 0-0: Called Strike
0-1: Ball
1-1: Swinging Strike
1-2: Ball
2-2: Strikes out looking
Bottom of the 8th over - 0 runs, 0 hits, 0 errors, 0 left on base; Grim 8 - Lee's Summit 1
TOP OF THE 9TH
Grim Reapers batting - Pitching for Lee's Summit Tigers : RHP Dave Anderson
Batting: RHB Arturo Franco 0-0: Ball
1-0: Foul Ball, location: 2F
1-1: Foul Ball, location: 2F
1-2: Ball
2-2: Ball
3-2: Strikes out swinging
Batting: SHB Frank Grant 0-0: Ball
1-0: Ball
2-0: Called Strike
2-1: Ball
3-1: Foul Ball, location: 2F
3-2: Strikes out swinging
Batting: RHB Jesús Pérez 0-0: Ball
1-0: SINGLE (Groundball, 4D)
Batting: RHB Luis Samaripa 0-0: Ball
1-0: Swinging Strike
1-1: Foul Ball, location: 2F
1-2: Ball
2-2: Ball
3-2: Base on Balls
Jesús Pérez to second
Pitching: RHP Armando Vargas
Batting: RHB Sandro Hernández 0-0: Swinging Strike
0-1: Called Strike
0-2: Strikes out swinging
Top of the 9th over - 0 runs, 1 hit, 0 errors, 2 left on base; Grim 8 - Lee's Summit 1
BOTTOM OF THE 9TH
Lee's Summit Tigers batting - Pitching for Grim Reapers : RHP William Stephens
Now at 2B: Mario Barker
Batting: RHB Juan Rodríguez 0-0: Ball
1-0: Called Strike
1-1: Swinging Strike
1-2: Foul Ball, location: 2F
1-2: Strikes out swinging
Batting: RHB Stephen Segura 0-0: Ball
1-0: SINGLE (Line Drive, 34D)
Pitching: RHP Sixto Santiago
Batting: LHB Chris Gibson 0-0: Swinging Strike
0-1: Ball
1-1: Ball
2-1: 2-RUN HOME RUN (Flyball, 89XD), Distance : 364 ft
Batting: LHB António Bonaccorsi 0-0: Ball
1-0: Foul Ball, location: 2F
1-1: Ball
2-1: Foul Ball, location: 2F
2-2: Fly out, F8 (Line Drive, 8LM)
Batting: SHB Tony Morrison 0-0: Swinging Strike
0-1: Ball
1-1: Swinging Strike
1-2: Ball
2-2: Ball
3-2: Foul Ball, location: 2F
3-2: Base on Balls
Batting: LHB José Guerrero 0-0: Ball
1-0: Called Strike
1-1: Foul Ball, location: 2F
1-2: Fly out, F7 (Flyball, 7D)
Bottom of the 9th over - 2 runs, 2 hits, 0 errors, 1 left on base; Grim 8 - Lee's Summit 3
Saturday, April 7th, 2018 - OOTP Baseball 18.8 Build 76